 Dungeon Sprint DCSS version 0.27-a0-1191-g601b473118 (webtiles) character file.

Game seed: 5677883761716228093

3168 howech the Thaumaturge (level 9, -15/74 HPs)
             Began as a Gnoll Fire Elementalist on May 24, 2021.
             Was a High Priest of Okawaru.
             Demolished by a merfolk
             ... wielding a +4 battleaxe of flaming
              (20 damage)
             ... in the Dungeon (Sprint V: "Ziggurat Sprint").
             The game lasted 00:04:56 (492 turns).

howech the Thaumaturge (Gnoll Fire Elementalist)     Turns: 492, Time: 00:04:57

Health: -15/74     AC: 18    Str:  7    XL:     9   Next: 94%
Magic:  22/22      EV:  5    Int: 17    God:    Okawaru [*****.]
Gold:   0          SH: 29    Dex: 26    Spells: 26/27 levels left

rFire    + + .     SeeInvis .   a - +7 Screaming Sword {vorpal, sonic wave}
rCold    x . .     Faith    .   i - +18 shield of the Gong {rElec rN+ Will+ EV-5}
rNeg     + . .     Spirit   .   b - +5 fire dragon scales
rPois    .         Reflect  .   I - +2 hat
rElec    +         Harm     .   (no cloak)
rCorr    .         Rampage  .   (no gloves)
Will     +....     NoTele   +   (no boots)
Stlth    +++.......             (no amulet)
HPRegen  0.22/turn              k - +6 ring of dexterity
MPRegen  0.18/turn              l - +6 ring of dexterity

@: studying Throwing
A: fangs 1, strong nose, distributed training
a: Renounce Religion, Heroism, Finesse


You were in the Dungeon.
You worshipped Okawaru.
Okawaru was extremely pleased with you.
You visited 1 branch

Inventory:

Hand Weapons
 a - the +7 Screaming Sword (weapon) {vorpal, sonic wave}
   (You found it in the Dungeon)

   It inflicts extra damage upon your enemies.
 G - the +10 short sword "Dragonslayer" {drain, rElec Str+3}
   (You found it in the Dungeon)

   A truly terrible weapon, it drains the life of those it strikes.
   It affects your strength (+3).
   It insulates you from electricity.
 M - a +1 vampiric broad axe
 N - a +1 lajatang of electrocution
Armour
 b - +5 fire dragon scales (worn)
 i - the +18 shield of the Gong (worn) {rElec rN+ Will+ EV-5}
   (You found it in the Dungeon)

   It affects your evasion (-5).
   It insulates you from electricity.
   It protects you from negative energy.
   It increases your willpower.
 I - a +2 hat (worn)
Magical Staves
 H - a staff of cold
 J - a staff of cold
 K - a staff of poison
Jewellery
 j - a ring of flight
 k - a +6 ring of dexterity (left hand)
 l - a +6 ring of dexterity (right hand)
 m - a +6 ring of intelligence
 n - a +6 ring of intelligence
 o - a +6 ring of strength
 p - a +6 ring of strength
 E - a ring of see invisible
 L - the amulet of Grace {Acrobat rElec rCorr Str-2 SInv}
   (You found it in the Dungeon)

   [amulet of the acrobat]

   It increases your evasion while moving and waiting.
   It affects your strength (-2).
   It insulates you from electricity.
   It lets you see invisible.
   It protects you from acid and corrosion.
 O - a +4 ring of protection
 P - the ring of Lited {rPois Dex+4}
   (You found it in the Dungeon)

   [ring of poison resistance]

   It affects your dexterity (+4).
   It protects you from poison.
Wands
 q - a wand of mindburst (7)
 r - a wand of iceblast (7)
 s - a wand of acid (7)
Scrolls
 h - 4 scrolls of blinking
 y - 4 scrolls of amnesia
 z - 7 scrolls of fog
 A - a scroll of holy word
 B - 5 scrolls of identify
 C - 2 scrolls of fear
 F - a scroll of brand weapon
Potions
 c - 10 potions of curing
 d - 10 potions of heal wounds
 e - 6 potions of haste
 f - 7 potions of magic
 g - 3 potions of berserk rage
 t - 2 potions of brilliance
 u - a potion of invisibility
 v - 4 potions of resistance
 w - a potion of experience
 x - 5 potions of might
Miscellaneous
 D - a lightning rod (4/4)


   Skills:
 + Level 8.2 Fighting
 + Level 8.2 Short Blades
 + Level 8.2 Long Blades
 + Level 8.2 Axes
 + Level 8.2 Maces & Flails
 + Level 8.2 Polearms
 + Level 8.2 Staves
 + Level 8.2 Slings
 + Level 8.2 Bows
 + Level 8.2 Crossbows
 + Level 8.4 Throwing
 + Level 8.2 Armour
 + Level 9.5 Dodging
 + Level 9.3 Stealth
 + Level 8.2 Shields
 + Level 8.2 Unarmed Combat
 + Level 9.7 Spellcasting
 + Level 7.2 Conjurations
 + Level 6.8 Hexes
 + Level 6.8 Summonings
 + Level 6.8 Necromancy
 + Level 6.8 Translocations
 + Level 6.8 Transmutations
 + Level 8.9 Fire Magic
 + Level 6.8 Ice Magic
 + Level 6.8 Air Magic
 + Level 6.8 Earth Magic
 + Level 6.8 Poison Magic
 + Level 9.0 Invocations
 + Level 8.2 Evocations


You had 26 spell levels left.
You knew the following spells:

 Your Spells              Type           Power      Damage    Failure   Level
a - Foxfire               Conj/Fire      100%       2x1d9     10%         1

Your spell library contained the following spells:

 Spells                   Type           Power      Damage    Failure   Level
 Conjure Flame            Conj/Fire      35%        6-21      28%         3
 Inner Flame              Hex/Fire       35%        N/A       32%         3
 Sticky Flame             Conj/Fire      35%        2d5       67%         4
 Fireball                 Conj/Fire      17%        3d9       95%         5
 Borgnjor's Revivificati  Necr           15%        N/A       100%        8
 Infestation              Necr           15%        N/A       100%        8
 Necromutation            Tmut/Necr      15%        N/A       100%        8
 Death's Door             Necr           15%        N/A       100%        9


Dungeon Overview and Level Annotations

Branches:
Dungeon (1/1)

Altars:
Ashenzari
Cheibriados
Dithmenos
Elyvilon
Fedhas
Gozag
Hepliaklqana
Kikubaaqudgha
Makhleb
Nemelex Xobeh
Okawaru
Qazlal
Ru
Sif Muna
Trog
Uskayaw
Vehumet
Wu Jian
Xom
Yredelemnul
Zin
The Shining One
Beogh
Jiyva
Lugonu

Annotations:
D 1 transporter


Innate Abilities, Weirdness & Mutations

You have very sharp teeth.
Your uncanny sense of smell can sniff out nearby items.
Your experience applies equally to all skills.


Message History

Unknown command.
You hit the wind drake but do no damage.
The wind drake is lightly wounded.
The centaur shoots an arrow.
PANG!
You block the arrow.
The wind drake exhales a fierce blast of wind!
The merfolk hits you from afar with a +0 trident!
* * * LOW HITPOINT WARNING * * *
The merfolk hits you from afar with a +0 trident.
* * * LOW HITPOINT WARNING * * *
The wind drake bites you but does no damage.
You block the wind drake's attack.
BONNNG!
Unknown command.
Unknown command.
Unknown command.
You slash the wind drake!
The Screaming Sword exclaims, "SPARE NO ONE!"
You send a blast of sound all around you.
The merfolk, the centaur and the wind drakes are blasted.
The merfolk is heavily wounded.
You kill the centaur!
Okawaru accepts your kill.
The merfolk is heavily wounded.
The wind drake is moderately wounded.
The wind drake is heavily wounded.
The merfolk is moderately wounded.
You bite the wind drake, but do no damage.
The wind drake is heavily wounded.
The merfolk hits you with a +4 battleaxe of flaming.
* * * LOW HITPOINT WARNING * * *
The wind drake bites you but does no damage.
The merfolk hits you but does no damage.
You block the merfolk's attack.
GONNNNG!
You block the wind drake's attack.
PANG!
The merfolk hits you with a +4 battleaxe of flaming!!
You die...

▓..8©8..▓
∆∆∆∆
▓..)=}..▓
∆∆∆
▓..==...▓
▓.......▓
▓.......▓
▓.......▓
▓...m..m▓
▓..)mkk.▓
▓...©@..▓
▓▓▓▓▓▓▓▓▓
∆ ∆∆∆ ∆∆∆


You could see 2 wind drakes and 3 merfolk.

Vanquished Creatures
  6 toenail golems (D)
  A jumping spider (D)
  A slime creature (D)
  A spriggan (D)
  2 tarantellas (D)
  A black bear (D)
  A wolf (D)
  A centaur (D)
  A scorpion (D)
  4 jellies (D)
19 creatures vanquished.

Notes
Turn   | Place    | Note
-------+----------+-------------------------------------------
     0 | D        | howech the Gnoll Fire Elementalist began the quest for the
                  | Orb.
     0 | D        | Reached XP level 1. HP: 13/13 MP: 6/6
    12 | D        | Found a blossoming altar of Fedhas.
    13 | D        | Found the +6 Majin-Bo {vamp, MP+6 Int+6}
    13 | D        | Found the +9 heavy crossbow "Sniper" {vorpal, Acc+∞ SInv}
    13 | D        | Found the +10 dark maul {vorpal}
    13 | D        | Found the +15 Maxwell's patent armour {-Cast -Tele rElec
                  | Will+ rCorr}
    13 | D        | Found the +18 shield of the Gong {rElec rN+ Will+ EV-5}
    13 | D        | Found the +14 obsidian axe {vorpal, Drain Fly SInv}
    13 | D        | Found the +7 great mace "Firestarter" {inner flame, rF++}
    13 | D        | Found the +6 shillelagh "Devastator" {shatter}
    13 | D        | Found the +11 plutonium sword {Contam Stlth-}
    13 | D        | Found the +8 lance "Wyrmbane" {slay drac, rPois rF+ rC+
                  | AC+3}
    13 | D        | Found the +9 sword of Zonguldrok {reap}
    13 | D        | Found the +13 scythe of Curses {drain, Drain}
    13 | D        | Found the +5 sword of Power {vorpal}
    13 | D        | Found the +7 mace of Variability {chain chaos}
    13 | D        | Found the +7 Singing Sword {vorpal, sonic wave}
    13 | D        | Found the +8 storm bow {elec, penet}
    14 | D        | Found a transporter.
    14 | D        | Found a viscous altar of Jiyva.
    14 | D        | Found an ancient bone altar of Kikubaaqudgha.
    14 | D        | Found a hazy altar of Hepliaklqana.
    14 | D        | Found a corrupted altar of Lugonu.
    14 | D        | Found an opulent altar of Gozag.
    14 | D        | Found a burning altar of Makhleb.
    15 | D        | Found a sacrificial altar of Ru.
    15 | D        | Found a stormy altar of Qazlal.
    15 | D        | Found a shimmering blue altar of Sif Muna.
    15 | D        | Found an iron altar of Okawaru.
    15 | D        | Found a bloodstained altar of Trog.
    15 | D        | Found a sparkling altar of Nemelex Xobeh.
    32 | D        | Became a worshipper of Warmaster Okawaru
    65 | D        | Entered arena 2.
    65 | D        | Noticed a toenail golem
    65 | D        | Noticed a toenail golem
    65 | D        | Found a transporter.
    72 | D        | Killed a toenail golem
    72 | D        | Reached * piety under Okawaru
    72 | D        | Reached ** piety under Okawaru
    72 | D        | Reached *** piety under Okawaru
    72 | D        | Reached **** piety under Okawaru
    73 | D        | Reached skill level 5 in Invocations
    73 | D        | Reached XP level 2. HP: 6/26 MP: 6/9
    73 | D        | Reached XP level 3. HP: 7/31 MP: 7/11
    73 | D        | Reached XP level 4. HP: 8/38 MP: 7/12
    73 | D        | Reached XP level 5. HP: 9/43 MP: 8/14
    73 | D        | Reached XP level 6. HP: 11/49 MP: 8/15
    73 | D        | Killed a toenail golem
    74 | D        | Reached skill level 5 in Fighting
    74 | D        | Reached skill level 5 in Short Blades
    74 | D        | Reached skill level 5 in Long Blades
    74 | D        | Reached skill level 5 in Axes
    74 | D        | Reached skill level 5 in Maces & Flails
    74 | D        | Reached skill level 5 in Polearms
    74 | D        | Reached skill level 5 in Staves
    74 | D        | Reached skill level 5 in Slings
    74 | D        | Reached skill level 5 in Bows
    74 | D        | Reached skill level 5 in Crossbows
    74 | D        | Reached skill level 5 in Throwing
    74 | D        | Reached skill level 5 in Armour
    74 | D        | Reached skill level 5 in Shields
    74 | D        | Reached skill level 5 in Unarmed Combat
    74 | D        | Reached skill level 5 in Conjurations
    74 | D        | Reached skill level 5 in Evocations
    74 | D        | Reached XP level 7. HP: 13/57 MP: 9/18
   305 | D        | Entered arena 3.
   305 | D        | Noticed a spriggan
   305 | D        | Found a transporter.
   314 | D        | Killed a spriggan
   314 | D        | Received a gift from Okawaru
   314 | D        | Reached ***** piety under Okawaru
   315 | D        | Reached skill level 5 in Hexes
   315 | D        | Reached skill level 5 in Summonings
   315 | D        | Reached skill level 5 in Necromancy
   315 | D        | Reached skill level 5 in Translocations
   315 | D        | Reached skill level 5 in Transmutations
   315 | D        | Reached skill level 5 in Ice Magic
   315 | D        | Reached skill level 5 in Air Magic
   315 | D        | Reached skill level 5 in Earth Magic
   315 | D        | Reached skill level 5 in Poison Magic
   315 | D        | Reached XP level 8. HP: 46/64 MP: 20/20
   324 | D        | Got the +10 short sword "Dragonslayer" {drain, rElec Str+3}
   402 | D        | Entered arena 4.
   402 | D        | Noticed a toenail golem
   402 | D        | Noticed a toenail golem
   402 | D        | Noticed a toenail golem
   402 | D        | Noticed a toenail golem
   402 | D        | Found a transporter.
   407 | D        | Killed a toenail golem
   407 | D        | Received a gift from Okawaru
   407 | D        | Received a gift from Okawaru
   408 | D        | Killed a toenail golem
   409 | D        | Reached XP level 9. HP: 72/72 MP: 21/21
   413 | D        | Killed a toenail golem
   413 | D        | Killed a toenail golem
   413 | D        | Received a gift from Okawaru
   444 | D        | Entered arena 5.
   444 | D        | Noticed a jumping spider
   444 | D        | Found a transporter.
   448 | D        | Killed a jumping spider
   454 | D        | Got the amulet of Grace {Acrobat rElec rCorr Str-2 SInv}
   462 | D        | Entered arena 6.
   462 | D        | Found a transporter.
   480 | D        | Got the ring of Lited {rPois Dex+4}
   484 | D        | Entered arena 7.
   484 | D        | Noticed a merfolk
   484 | D        | Noticed a merfolk
   484 | D        | Noticed a wind drake
   484 | D        | Noticed a wind drake
   484 | D        | Noticed a merfolk
   484 | D        | Identified the amulet of the Falcon {Regen+ rCorr}
   485 | D        | Found a transporter.
   492 | D        | Demolished by a merfolk

Illustrated notes

Levels and vault maps discovered:
D:        sprint_v [room_start, room_1, room_2, room_3, room_4, room_5, room_6,
          room_7, room_8, room_9, room_10, room_11, room_12, room_13, room_14,
          room_15, room_16, room_17, room_18, room_19, room_20, room_21,
          room_22, room_23, room_24, room_25, room_26, room_27]

Skill      XL: |  1  2  3  4  5  6  7  8  9 |
---------------+----------------------------+-----
Fighting       | 4 5 6 7 8 |  8.2
Short Blades   | 4 5 6 7 8 |  8.2
Long Blades    | 4 5 6 7 8 |  8.2
Axes           | 4 5 6 7 8 |  8.2
Maces & Flails | 4 5 6 7 8 |  8.2
Polearms       | 4 5 6 7 8 |  8.2
Staves         | 4 5 6 7 8 |  8.2
Slings         | 4 5 6 7 8 |  8.2
Bows           | 4 5 6 7 8 |  8.2
Crossbows      | 4 5 6 7 8 |  8.2
Throwing       | 4 5 6 7 8 |  8.4
Armour         | 4 5 6 7 8 |  8.2
Dodging        | 6 7 8 9 |  9.5
Stealth        | 6 7 8 9 |  9.3
Shields        | 4 5 6 7 8 |  8.2
Unarmed Combat | 4 5 6 7 8 |  8.2
Spellcasting   | 6 7 8 9 |  9.7
Conjurations   | 4 5 6 7 |  7.2
Hexes          | 3 4 5 6 |  6.8
Summonings     | 3 4 5 6 |  6.8
Necromancy     | 3 4 5 6 |  6.8
Translocations | 3 4 5 6 |  6.8
Transmutations | 3 4 5 6 |  6.8
Fire Magic     | 6 7 8 |  8.9
Ice Magic      | 3 4 5 6 |  6.8
Air Magic      | 3 4 5 6 |  6.8
Earth Magic    | 3 4 5 6 |  6.8
Poison Magic   | 3 4 5 6 |  6.8
Invocations    | 5 6 7 9 |  9.0
Evocations     | 4 5 6 7 8 |  8.2

Action                   |  1- 3 |  4- 6 |  7- 9 || total
-------------------------+-------+-------+-------++-------
Melee: Double sword      |     5 |     1 |    29 ||    35
       Bite              |       |       |     2 ||     2
  Use: Potion            |     1 |       |       ||     1
 Stab: Sleeping          |     1 |       |       ||     1
Armor: Fire dragon scale |     4 |       |    29 ||    33
Dodge: Dodged            |       |       |     4 ||     4
Block: Kite shield       |     9 |       |    56 ||    65
       Rpst.: Double sword |       |       |     3 ||     3

Table legend: (Time is in decaauts)
 A = Elapsed time spent in this place.
 B = Non-inter-level travel time spent in this place.
 C = Inter-level travel time spent in this place.
 D = Time resting spent in this place.
 E = Time spent auto-exploring this place.
 F = Levels seen in this place.
 G = Mean time per level.
                   A        B        C        D        E       F      G
               +--------+--------+--------+--------+--------+-----+--------+
         Total |    503 |    503 |      0 |    297 |      0 |   1 |  503.0 |
       Dungeon |    503 |    503 |      0 |    297 |      0 |   1 |  503.0 |
               +--------+--------+--------+--------+--------+-----+--------+

Top non-repeatable levels by time:
       D: 503 daAuts
